 Dungeon Crawl Stone Soup version 0.29-a0-322-g68df515428 (webtiles) character file.

Game seed: 2190875012028053166

8 Hubjo the Skirmisher (level 2, -4/24 HPs)
             Began as a Demonspawn Monk on Apr 6, 2022.
             Slain by a gnoll
             ... wielding a +1 vorpal spear
              (7 damage)
             ... on level 1 of the Dungeon.
             The game lasted 00:00:25 (427 turns).

Hubjo the Skirmisher (Demonspawn Monk)               Turns: 427, Time: 00:00:26

Health: -4/24      AC:  2    Str: 11    XL:     2   Next: 0%
Magic:  2/2        EV: 12    Int: 11    God:
Gold:   35         SH:  0    Dex: 15    Spells: 1/1 levels left

rFire   . . .      SeeInvis .   a - +0 short sword
rCold   . . .      Faith    .   (no shield)
rNeg    . . .      Spirit   .   b - +0 robe
rPois   .          Reflect  .   (no helmet)
rElec   .          Harm     .   (no cloak)
rCorr   .          Rampage  .   (no gloves)
Will    .....                   (no boots)
Stlth   ++........              (no amulet)
HPRegen 0.08/turn               (no ring)
MPRegen 0.08/turn               (no ring)

@: no status effects
A: ignite blood 1
a: no special abilities


You were on level 1 of the Dungeon.
You visited 1 branch of the dungeon, and saw 1 of its levels.

You collected 35 gold pieces.

Inventory:

Hand Weapons
 a - a +0 short sword (weapon)
Armour
 b - a +0 robe (worn)
Scrolls
 e - a scroll of summoning {unknown}
 f - a scroll of identify {unknown}
Potions
 c - a potion of ambrosia
 d - 2 potions of curing {unknown}


   Skills:
 * Level 3.2 Fighting
 - Level 2.6 Short Blades
 - Level 2.6 Dodging
 * Level 2.1 Stealth
 + Level 0.4 Spellcasting


You had one spell level left.
You didn't know any spells.
Your spell library was empty.

Dungeon Overview and Level Annotations

Branches:
Dungeon (1/15)

Altars:


Innate Abilities, Weirdness & Mutations

Your demonic aura sometimes causes spilled blood to erupt in flames.


Message History

You are too injured to fight recklessly!
You are too injured to fight recklessly!
You are too injured to fight recklessly!
You are too injured to fight recklessly!
You are too injured to fight recklessly!
You are too injured to fight recklessly!
You are too injured to fight recklessly!
You are too injured to fight recklessly!
You are too injured to fight recklessly!
You are too injured to fight recklessly!
You are too injured to fight recklessly!
You are too injured to fight recklessly!
You are too injured to fight recklessly!
You are too injured to fight recklessly!
You are too injured to fight recklessly!
You are too injured to fight recklessly!
You are too injured to fight recklessly!
You are too injured to fight recklessly!
You are too injured to fight recklessly!
You are too injured to fight recklessly!
You are too injured to fight recklessly!
You are too injured to fight recklessly!
You are too injured to fight recklessly!
The gnoll closely misses you.
The ball python bites the plant.
The plant begins to die.
The ball python grabs the plant.
The ball python constricts the plant.
You hit the gnoll but do no damage.
The ball python loses its grip on the plant.
The gnoll hits you with a +1 vorpal spear.
* * * LOW HITPOINT WARNING * * *
x2 You hit the gnoll.
The gnoll is moderately wounded.
The ball python bites the plant.
The plant begins to die.
The ball python grabs the plant.
The ball python constricts the plant.
The gnoll closely misses you.
You barely miss the gnoll.
The gnoll is moderately wounded.
The ball python bites the plant.
The ball python constricts the plant.
The gnoll hits you with a +1 vorpal spear!
You die...

#.# #.# ..#.###..
#.###### ##.......###
#......# #..P.PPP....
######†# ##.PP...PP.#
#.# ###)..P...PP.#
#.# #....$.PP.PPS##
#.# #.##.PPPg..P..#.
#.# #.##.PP@...P....
#.###.##..P.PPP...#
#...............###
#####.####....#..##.#
#.# #..#.......# #.#
#..##...... #.#
#......#.## #.#
###.##..##
#)#######...##


You could see a gnoll and a ball python.

Vanquished Creatures
  2 endoplasms (D:1)
  A giant cockroach (D:1)
  2 goblins (D:1)
  A quokka (D:1)
  A kobold (D:1)
7 creatures vanquished.

Notes
Turn   | Place    | Note
-------+----------+-------------------------------------------
     0 | D:1      | Hubjo the Demonspawn Monk began the quest for the Orb.
     0 | D:1      | Reached XP level 1. HP: 18/18 MP: 1/1
   422 | D:1      | Gained mutation: Your demonic aura sometimes causes spilled
                  | blood to erupt in flames. [demonic ancestry]
   422 | D:1      | Reached XP level 2. HP: 19/24 MP: 2/2
   427 | D:1      | Slain by a gnoll

Illustrated notes

Levels and vault maps discovered:
D:1:      dpeg_arrival_refuge, layout_loops_ring, nicolae_grassy_gnolls

Skill      XL: |  1 |
---------------+----+-----
Stealth        | 2 |  2.1
Fighting       | |  3.2
Short Blades   | |  2.6
Dodging        | |  2.6
Spellcasting   | |  0.4

Action                   || total
-------------------------++-------
Melee: Short sword       ||    21
 Stab: Sleeping          ||     3
Armor: Robe              ||     3
Dodge: Dodged            ||     7

Table legend: (Time is in decaauts)
 A = Elapsed time spent in this place.
 B = Non-inter-level travel time spent in this place.
 C = Inter-level travel time spent in this place.
 D = Time resting spent in this place.
 E = Time spent auto-exploring this place.
 F = Levels seen in this place.
 G = Mean time per level.
                   A        B        C        D        E       F      G
               +--------+--------+--------+--------+--------+-----+--------+
         Total |    426 |    426 |      0 |      0 |    358 |   1 |  426.0 |
       Dungeon |    426 |    426 |      0 |      0 |    358 |   1 |  426.0 |
               +--------+--------+--------+--------+--------+-----+--------+

Top non-repeatable levels by time:
     D:1: 426 daAuts
